 Dungeon Sprint DCSS version 0.28-a0-239-g68911e0c57 (webtiles) character file.

Game seed: 5946565429757855646

17755 jt the Warrior (level 12, 0/126 HPs)
             Began as a Palentonga Fighter on Aug 23, 2021.
             Was a High Priest of Okawaru.
             Slain by a fire giant (27 damage)
             ... in the Dungeon (Sprint I: "Red Sonja").
             The game lasted 00:16:30 (5288 turns).

jt the Warrior (Palentonga Fighter)                 Turns: 5288, Time: 00:16:31

Health: 0/126      AC: 29    Str: 26    XL:     12   Next: 21%
Magic:  15/15      EV:  3    Int:  9    God:    Okawaru [*****.]
Gold:   800        SH: 12    Dex: 11    Spells: 11/11 levels left

rFire   + . .      SeeInvis +   C - +5 war axe (flame)
rCold   . . .      Faith    .   E - +2 kite shield {rPois}
rNeg    + . .      Spirit   .   A - +3 plate armour {rF+}
rPois   +          Reflect  .   (no helmet)
rElec   .          Harm     .   H - scarf {shadows}
rCorr   +          Rampage  .   D - +2 pair of gloves {Str+3}
Will    ++...      NoTele   +   G - +2 barding {Stlth+}
Stlth   ..........              (no amulet)
HPRegen 0.31/turn               n - ring "Nih Fafo" {rN+ Will++ rCorr}
MPRegen 0.14/turn               (no ring)

@: mighty, curled up
A: large, rugged brown scales 3, see invisible, deformed body, roll 1, armoured
tail, reflexive curl
a: Rolling Charge, Renounce Religion, Heroism, Finesse, Duel


You were in the Dungeon.
You worshipped Okawaru.
Okawaru was extremely pleased with you.
You visited 1 branch You collected 3577 gold pieces.
You spent 2777 gold pieces at shops.

Inventory:

Hand Weapons
 a - a +0 war axe
 b - a +5 vampiric scythe
 k - a +3 dagger of electrocution
 o - a +1 short sword of distortion
 x - a +4 hand axe of freezing
 y - the +7 falchion of Mex Ovap {vorpal, rElec rPois rF+}
   (You found it in the Dungeon)

   It inflicts extra damage upon your enemies.
   rF:        It protects you from fire.
   rElec:     It insulates you from electricity.
   rPois:     It protects you from poison.
 z - a +0 vampiric battleaxe
 B - a +4 arbalest of freezing
 C - a +5 war axe of flaming (weapon)
 I - the +3 sling "Punk" {acid, rCorr}
   (You bought it in a shop in the Dungeon)

   Any ammunition fired from it is coated in acid, damaging and corroding those
   it strikes.
   rCorr:     It protects you from acid and corrosion.
Missiles
 c - 7 poisoned darts
 g - a sling bullet
 s - 13 stones
 t - 3 silver javelins
 v - 13 bolts
Armour
 l - a +3 scale mail of cold resistance
 A - a +3 plate armour of fire resistance (worn)
 D - a +2 pair of gloves of strength (worn)
 E - a +2 kite shield of poison resistance (worn)
 G - a +2 barding of stealth (worn)
 H - a scarf of shadows (worn)
Jewellery
 n - the ring "Nih Fafo" (left hand) {rN+ Will++ rCorr}
   (You bought it in a shop in the Dungeon)

   [ring of resist corrosion]

   rN:        It protects you from negative energy.
   rCorr:     It protects you from acid and corrosion.
   Will:      It greatly increases your willpower.
 F - the amulet of Twilight {RegenMP Fragile rCorr Str-5 Int+6}
   (You took it off a deep elf annihilator in the Dungeon)

   [amulet of magic regeneration]

   It increases your rate of magic regeneration.
   Str:       It affects your strength (-5).
   Int:       It affects your intelligence (+6).
   rCorr:     It protects you from acid and corrosion.
   Fragile:   It will be destroyed if unequipped.
Wands
 i - a wand of digging (2)
 m - a wand of mindburst (10)
 r - a wand of paralysis (9)
Scrolls
 j - a scroll of blinking
 w - a scroll of identify {unknown}
Potions
 e - 4 potions of curing
 h - 2 potions of magic
 q - a potion of cancellation {unknown}
 u - a potion of degeneration {unknown}


   Skills:
 - Level 18.8 Fighting
 - Level 2.0 Short Blades
 + Level 14.7 Axes
 + Level 5.2(5.4) Slings
 - Level 2.0(3.9) Throwing
 - Level 4.0 Armour
 - Level 9.0 Shields
 - Level 5.0 Invocations
 - Level 12.8 Evocations


You had 11 spell levels left.
You didn't know any spells.
Your spell library contained the following spells:

 Spells                   Type           Power      Damage    Failure   Level
 Ozocubu's Armour         Ice            0%         N/A       100%        3
 Ozocubu's Refrigeration  Ice            0%         4d5       100%        7


Dungeon Overview and Level Annotations

Branches:
Dungeon (1/1)

Altars:
Cheibriados
Dithmenos
Elyvilon
Fedhas
Gozag
Hepliaklqana
Kikubaaqudgha
Makhleb
Nemelex Xobeh
Okawaru
Qazlal
Ru
Sif Muna
Trog
Uskayaw
Vehumet
Wu Jian
Xom
Yredelemnul
Zin
The Shining One
Jiyva
Lugonu

Shops:
D =*([?[?=:!*=(*?[*


Innate Abilities, Weirdness & Mutations

You are completely covered in rugged brown scales. (AC +3, +7% HP)
You have supernaturally acute eyesight. (SInv)
Armour fits poorly on your strangely shaped body.
You can roll at nearby foes to attack.
You have a long armoured tail.
You curl defensively after being hit.


Message History

You feel much better. You block the fire giant's attack.
Fire: 2 sling bullets
Press: ? - help, Q - select action, (/) - cycle Shift-Dir - straight line, f/p - fire giant
Aim: a fire giant, wielding a +2 great sword of flaming (moderately wounded, covered in acid, 85% to hit)
You shoot a sling bullet. The sling bullet hits the fire giant.
The fire giant is splashed with acid.
The fire giant seems to be corroded for longer.
The fire giant is heavily wounded.
The fire giant gestures at you while chanting.
The fireball explodes!
The fireball engulfs you!! You resist.
The fireball engulfs the fire giant!
The fire giant resists.
You hear a shout!
Throw: dart (curare)
Press: ? - help, Shift-Dir - straight line, f/p - fire giant
Aim: a fire giant, wielding a +2 great sword of flaming (heavily wounded, covered in acid, 85% to hit)
You throw a curare-tipped dart.
The curare-tipped dart barely misses the fire giant.
The fire giant hits you with a +2 great sword of flaming!
You don't have any such object.
Fire/throw which item? (* to show all) (? for menu, Esc to quit)
Okay, then.
Unknown command.
Okay, then.
You feel very mighty all of a sudden.
The fire giant hits you with a +2 great sword of flaming!
* * * LOW HITPOINT WARNING * * *
The fire giant burns you.
* * * LOW HITPOINT WARNING * * *
Unknown command.
You feel better.
The fire giant hits you with a +2 great sword of flaming!
* * * LOW HITPOINT WARNING * * *
The fire giant burns you.
* * * LOW HITPOINT WARNING * * *
Unknown command.
The +3 sling "Punk" {acid, rCorr} stops oozing corrosive slime.
Your +5 war axe of flaming bursts into flame!
C - a +5 war axe of flaming (weapon)
The fire giant hits you with a +2 great sword of flaming!!
You die...

#.§§##+#§.###.§§§§##..')§#..§§##
#§..'..#§#.###§§§#######)#..§§.#
#####..+§#'#.###§#[$$##..#...§.#
#§.##'####...#.#§##$$$#..##....#
'§.#○....#....##§.###$#..≈###'##
#.§#..°..○..)..##.#A#$#..≈..#.#
##§###.°°#.....#..###$#..≈.##+#
##§§.#.○.###++##.##..$#..≈##
.###.#○°###..###@C#+###..≈#
.∩##.#○°####..###...# ≈..##
####.##'#..#..#.###(# ≈..#
..##§##)#.......○.#(# #..#
..§§.####.......○○#)#
####.#.)'....○.####(#
§§.#§#####.○.###C)..# §.#§§#
#####.(.#### §≈#### .((.##


You could see a fire giant (corroded).

Vanquished Creatures
  3 fire giants (D)
  A lorocyproca (D)
  A deep elf annihilator (D)
  A hydra (D)
  2 centaur warriors (D)
  Sonja (D)
  A deep troll (D)
  A lindwurm (D)
  An oklob plant (D)
  2 merfolk sirens (D)
  A gargoyle (D)
  2 kobold demonologists (D)
  7 unseen horrors (D)
  A hellwing (D)
  4 demonic crawlers (D)
  A meliai (D)
  3 hornets (D)
  A slime creature (D)
  2 redbacks (D)
  Sigmund (D)
  A yak (D)
  13 hogs (D)
  3 floating eyes (D)
  An ogre (D)
  7 necrophages (D)
  8 jellies (D)
  Ijyb (D)
71 creatures vanquished.

Vanquished Creatures (others)
  A gargoyle (D)
  2 hornets (D)
  2 ballistomycete spores (D)
5 creatures vanquished.

Grand Total: 76 creatures vanquished

Notes
Turn   | Place    | Note
-------+----------+-------------------------------------------
     0 | D        | jt the Palentonga Fighter began the quest for the Orb.
     0 | D        | Reached XP level 1. HP: 19/19 MP: 1/1
     2 | D        | Noticed Ijyb
    10 | D        | Killed Ijyb
    11 | D        | Reached XP level 2. HP: 5/25 MP: 2/2
   271 | D        | Noticed an ogre
   274 | D        | Killed an ogre
   275 | D        | Reached XP level 3. HP: 19/31 MP: 3/3
   275 | D        | Reached XP level 4. HP: 23/37 MP: 4/4
   390 | D        | Noticed Sigmund
   398 | D        | Killed Sigmund
   399 | D        | Reached skill level 5 in Fighting
   399 | D        | Reached XP level 5. HP: 26/49 MP: 5/5
   399 | D        | Reached XP level 6. HP: 30/55 MP: 6/6
   537 | D        | Found a shimmering blue altar of Sif Muna.
   538 | D        | Found an ornate altar of the Wu Jian Council.
   540 | D        | Found a radiant altar of Vehumet.
   542 | D        | Reached skill level 6 in Fighting
   572 | D        | Found Inah's Assorted Antiques.
   572 | D        | Found an ancient bone altar of Kikubaaqudgha.
   572 | D        | Found a hazy altar of Hepliaklqana.
   572 | D        | Found a stormy altar of Qazlal.
   572 | D        | Found a hide-covered altar of Uskayaw.
   572 | D        | Found a blossoming altar of Fedhas.
   572 | D        | Found a bloodstained altar of Trog.
   572 | D        | Found an iron altar of Okawaru.
   572 | D        | Found a basalt altar of Yredelemnul.
   572 | D        | Found a glowing golden altar of the Shining One.
   572 | D        | Found a snail-covered altar of Cheibriados.
   572 | D        | Found a sacrificial altar of Ru.
   572 | D        | Found a glowing silver altar of Zin.
   572 | D        | Found a shadowy altar of Dithmenos.
   572 | D        | Found a white marble altar of Elyvilon.
   572 | D        | Noticed a yak
   578 | D        | Killed a yak
   579 | D        | Reached skill level 8 in Fighting
   579 | D        | Found an opulent altar of Gozag.
   580 | D        | Found a sparkling altar of Nemelex Xobeh.
   585 | D        | Became a worshipper of Warmaster Okawaru
   587 | D        | Bought a steaming copper ring for 145 gold pieces
   587 | D        | Identified the ring "Nih Fafo" {rN+ Will++ rCorr} (You
                  | bought it in a shop in the Dungeon)
   661 | D        | Found a viscous altar of Jiyva.
   661 | D        | Found a corrupted altar of Lugonu.
   661 | D        | Noticed a slime creature
   662 | D        | Found a burning altar of Makhleb.
   662 | D        | Found a shimmering altar of Xom.
   672 | D        | Killed a slime creature
   673 | D        | Reached skill level 9 in Fighting
   673 | D        | Gained mutation: You curl defensively after being hit.
                  | [Palentonga growth]
   673 | D        | Reached XP level 7. HP: 23/68 MP: 7/7
   886 | D        | Noticed Sonja
   889 | D        | Killed Sonja
   889 | D        | Reached * piety under Okawaru
   890 | D        | Reached skill level 11 in Fighting
   890 | D        | Reached XP level 8. HP: 44/80 MP: 8/8
   906 | D        | Found Ufesmidi's Jewellery Boutique.
  1096 | D        | Noticed a kobold demonologist
  1097 | D        | Noticed a kobold demonologist
  1100 | D        | Reached skill level 1 in Throwing
  1105 | D        | Noticed an orange demon
  1105 | D        | Killed a kobold demonologist
  1106 | D        | Reached skill level 12 in Fighting
  1112 | D        | Killed a kobold demonologist
  1112 | D        | Reached ** piety under Okawaru
  1119 | D        | Noticed a lindwurm
  1141 | D        | Killed a lindwurm
  1142 | D        | Reached skill level 13 in Fighting
  1142 | D        | Reached XP level 9. HP: 89/90 MP: 9/9
  1330 | D        | Reached *** piety under Okawaru
  1331 | D        | Reached skill level 10 in Evocations
  1348 | D        | Reached skill level 14 in Fighting
  1715 | D        | Reached **** piety under Okawaru
  1716 | D        | Reached XP level 10. HP: 95/101 MP: 7/10
  1806 | D        | Noticed a daeva
  1817 | D        | Reached skill level 15 in Fighting
  2348 | D        | Found the +3 hat of Pondering {ponderous, Will+ MP+10
                  | Int+5}
  2421 | D        | Noticed a deep troll
  2428 | D        | Killed a deep troll
  2428 | D        | Reached ***** piety under Okawaru
  2429 | D        | Reached skill level 16 in Fighting
  2439 | D        | Found Yzoen's Armour Emporium.
  2536 | D        | Noticed a centaur warrior
  2536 | D        | Noticed a centaur warrior
  2542 | D        | Killed a centaur warrior
  2543 | D        | Reached skill level 5 in Invocations
  2551 | D        | Killed a centaur warrior
  2552 | D        | Reached skill level 17 in Fighting
  2592 | D        | Killed a gargoyle
  2839 | D        | Paralysed by a hornet for 1 turns
  2983 | D        | Noticed an oklob plant
  2990 | D        | Killed an oklob plant
  2991 | D        | Reached XP level 11. HP: 99/114 MP: 14/14
  3052 | D        | Received a gift from Okawaru
  3383 | D        | Reached skill level 18 in Fighting
  3581 | D        | Reached ****** piety under Okawaru
  3827 | D        | Identified the +7 falchion of Mex Ovap {vorpal, rElec rPois
                  | rF+}
  3842 | D        | Found Jigeics's Antique Armour Shoppe.
  3842 | D        | Found Jutri's Weapon Shop.
  3842 | D        | Found Osixeen's Magic Scroll Boutique.
  3844 | D        | Found Iqeg's Armour Emporium.
  3844 | D        | Found Olotoomy's Magic Scroll Shop.
  3844 | D        | Found Diboetu's Jewellery Shoppe.
  3844 | D        | Found Viceuc's Book Boutique.
  3844 | D        | Found Gavan's Distillery.
  3844 | D        | Found Moogratz's Assorted Antiques.
  3844 | D        | Found Buamm's Jewellery Shoppe.
  3847 | D        | Found Diappete's Antique Weapon Boutique.
  3848 | D        | Found Onkoch's Magic Scroll Emporium.
  3848 | D        | Found Fadatik's General Store.
  3849 | D        | Found Ycakki's General Store.
  3860 | D        | Bought a runed war axe for 214 gold pieces
  3867 | D        | Bought a +2 pair of gloves of strength for 215 gold pieces
  3876 | D        | Bought a shiny kite shield for 180 gold pieces
  3958 | D        | Noticed a 12-headed hydra
  3962 | D        | Killed an eight-headed hydra
  3962 | D        | Paralysed by a floating eye for 3 turns
  4110 | D        | Identified the amulet of Twilight {RegenMP Fragile rCorr
                  | Str-5 Int+6}
  4110 | D        | Noticed a deep elf annihilator
  4129 | D        | Reached skill level 10 in Axes
  4135 | D        | Killed a deep elf annihilator
  4385 | D        | Received a gift from Okawaru
  4597 | D        | Noticed a lorocyproca
  4616 | D        | Killed a lorocyproca
  4980 | D        | Bought a glowing scarf for 136 gold pieces
  5022 | D        | Bought the +3 sling "Punk" {acid, rCorr} for 1887 gold
                  | pieces
  5022 | D        | Found the +3 sling "Punk" {acid, rCorr}
  5150 | D        | Noticed a fire giant
  5152 | D        | Noticed a fire giant
  5158 | D        | Noticed a fire giant
  5161 | D        | Killed a fire giant
  5162 | D        | Reached XP level 12. HP: 76/126 MP: 13/15
  5172 | D        | Killed a fire giant
  5181 | D        | Killed a fire giant
  5182 | D        | Reached skill level 5 in Slings
  5279 | D        | Noticed a fire giant
  5288 | D        | Slain by a fire giant

Illustrated notes

Levels and vault maps discovered:
D:        dungeon_sprint_1 [red_sonja_temple_1, red_sonja_temple_small_1]

Skill      XL: |  1  2  3  4  5  6  7  8  9 10 11 12 |
---------------+-------------------------------------+-----
Axes           | 4 6 13 14 | 14.7
Shields        | 4 6 7 9 |  9.0
Fighting       | 5 9 11 13 14 17 18 | 18.8
Short Blades   | 2 |  2.0
Evocations     | 3 7 9 11 12 | 12.8
Throwing       | 2 |  2.0
Invocations    | 5 |  5.0
Armour         | 4 |  4.0
Slings         | 3 5 |  5.2

Action                   |  1- 3 |  4- 6 |  7- 9 | 10-12 || total
-------------------------+-------+-------+-------+-------++-------
Melee: War axe           |     6 |       |       |    79 ||    85
       Tailslap          |     1 |     4 |    12 |    46 ||    63
       Dagger            |     3 |    25 |    69 |   165 ||   262
 Fire: Fustibalus        |       |       |       |    22 ||    22
Throw: Dart              |       |       |       |     7 ||     7
Invok: Heroism           |       |       |     3 |     5 ||     8
 Abil: Rolling Charge    |     2 |     2 |       |    17 ||    21
Evoke: Wand              |       |       |     5 |     2 ||     7
  Use: Potion            |     1 |       |     1 |     3 ||     5
       Scroll            |       |       |     1 |       ||     1
 Stab: Paralysed         |       |       |       |     2 ||     2
Armor: Scale mail        |     1 |     1 |    19 |    78 ||    99
       Plate armour      |       |       |       |    70 ||    70
Dodge: Dodged            |     4 |     2 |    14 |    62 ||    82
Block: Kite shield       |     2 |     3 |    21 |   128 ||   154

Table legend: (Time is in decaauts)
 A = Elapsed time spent in this place.
 B = Non-inter-level travel time spent in this place.
 C = Inter-level travel time spent in this place.
 D = Time resting spent in this place.
 E = Time spent auto-exploring this place.
 F = Levels seen in this place.
 G = Mean time per level.
                   A        B        C        D        E       F      G
               +--------+--------+--------+--------+--------+-----+--------+
         Total |   5254 |   5026 |    228 |   3742 |      4 |   1 | 5254.0 |
       Dungeon |   5254 |   5026 |    228 |   3742 |      4 |   1 | 5254.0 |
               +--------+--------+--------+--------+--------+-----+--------+

Top non-repeatable levels by time:
       D: 5254 daAuts
